 Dungeon Crawl Stone Soup version 0.27-a0-1502-g47ed6a6988 (webtiles) character file.

Game seed: 2813442960521072687

5392 senseless the Fighter (level 10, -7/87 HPs)
             Began as a Palentonga Fighter on July 8, 2021.
             Was a Priest of Wu Jian.
             Mangled by a wyvern (11 damage)
             ... on level 9 of the Dungeon.
             The game lasted 00:25:24 (9803 turns).

senseless the Fighter (Palentonga Fighter)          Turns: 9803, Time: 00:25:24

Health: -7/87      AC: 21    Str: 22    XL:     10   Next: 39%
Magic:  10/10      EV:  8    Int:  9    God:    Wu Jian [***...]
Gold:   467        SH: 10    Dex: 10    Spells: 9/9 levels left

rFire    . . .     SeeInvis +   A - +1 hand axe
rCold    . . .     Faith    .   c - +0 kite shield
rNeg     . . .     Spirit   .   m - +0 plate armour
rPois    .         Reflect  .   r - +0 helmet
rElec    .         Harm     .   (no cloak)
rCorr    .         Rampage  .   p - +1 pair of gloves
Will     .....                  (no barding)
Stlth    ..........             (no amulet)
HPRegen  0.24/turn              g - +4 ring of slaying
MPRegen  0.12/turn              h - +4 ring of evasion

@: lethally poisoned (-7 -> -9), hasted, curled up, very quick
A: large, rugged brown scales 3, see invisible, deformed body, roll 1, armoured
tail, reflexive curl, passive freeze
a: Rolling Charge, Renounce Religion, Wall Jump, Serpent's Lash


You were on level 9 of the Dungeon.
You worshipped Wu Jian.
Wu Jian was most pleased with you.
You visited 2 branches of the dungeon, and saw 10 of its levels.
You also visited: Bailey.

You collected 467 gold pieces.

Inventory:

Hand Weapons
 a - a +0 war axe
 i - a +2 antimagic whip
 s - a +2 vampiric spear
 t - a +2 whip of flaming
 A - a +1 hand axe (weapon)
 B - a +4 scimitar
 C - a +3 whip
 D - a +1 hand axe of freezing
 E - a +2 flail of draining
Missiles
 b - a curare-tipped dart
Armour
 c - a +0 kite shield (worn)
 e - a +1 hat
 m - a +0 plate armour (worn)
 p - a +1 pair of gloves (worn)
 r - a +0 helmet (worn)
Jewellery
 g - a +4 ring of slaying (left hand)
 h - a +4 ring of evasion (right hand)
 k - a +6 ring of dexterity
 G - a ring of magical power
Wands
 q - a wand of polymorph (10)
 v - a wand of iceblast (21)
 w - a wand of flame (15)
 y - a wand of charming (5)
Scrolls
 f - 3 scrolls of amnesia
 F - 3 scrolls of noise {unknown}
Potions
 d - 3 potions of lignification
 j - 2 potions of invisibility
 l - a potion of flight
 o - 3 potions of brilliance
 u - 2 potions of mutation
 x - a potion of might
 z - 2 potions of magic


   Skills:
 + Level 8.4 Fighting
 + Level 8.0 Axes
 + Level 7.0 Armour
 + Level 7.0 Shields


You had 9 spell levels left.
You didn't know any spells.
Your spell library contained the following spells:

 Spells                   Type           Power      Damage    Failure   Level
 Animate Skeleton         Necr           0%         N/A       100%        1
 Pain                     Necr           0%         1d4       100%        1
 Summon Small Mammal      Summ           0%         N/A       100%        1
 Slow                     Hex            0%         N/A       100%        2
 Call Canine Familiar     Summ           0%         N/A       100%        3
 Confusing Touch          Hex            0%         N/A       100%        3
 Summon Guardian Golem    Hex/Summ       0%         N/A       100%        3
 Vampiric Draining        Necr           0%         2d6       100%        3
 Yara's Violent Unravell  Hex/Tmut       0%         3d3       100%        5


Dungeon Overview and Level Annotations

Branches:
Dungeon (9/15)             Temple (1/1) D:5          Bailey (visited)
   Lair: D:8-11         Orc: D:9-12

Altars:
Ashenzari
Cheibriados
Dithmenos
Elyvilon
Fedhas
Gozag
Hepliaklqana
Kikubaaqudgha
Makhleb
Okawaru
Sif Muna
Trog
Uskayaw
Vehumet
Wu Jian
Xom
Zin
The Shining One


Innate Abilities, Weirdness & Mutations

You are completely covered in rugged brown scales. (AC +3, +7% HP)
You have supernaturally acute eyesight. (SInv)
Armour fits poorly on your strangely shaped body.
You can roll at nearby foes to attack.
You have a long armoured tail.
You curl defensively after being hit.
A frigid envelope surrounds you and freezes all who hurt you.


Message History

You kill the hornet!
The Council accepts your kill.
You can now briefly move at supernatural speeds.
You hit the wyvern. You slash the killer bee!
You feel very sick.
The killer bee stings you but does no damage.
The killer bee is very cold.
The killer bee is severely wounded.
You block the wyvern's attack. The killer bee stings you.
* * * LOW HITPOINT WARNING * * *
The killer bee is very cold.
You kill the killer bee!
The Council accepts your kill.
The wyvern bites you but does no damage.
The wyvern is very cold.
The wyvern is moderately wounded.
Your Axes skill increases to level 8!
Your Armour skill increases to level 7!
Your Shields skill increases to level 7!
You feel yourself speed up.
You feel very sick. The wyvern barely misses you.
You see here a killer bee corpse.
You hit the wyvern.
The wyvern is moderately wounded.
You feel sick.
The wyvern bites you but does no damage.
The wyvern is very cold.
The wyvern is heavily wounded.
The wyvern bites you.
* * * LOW HITPOINT WARNING * * *
The wyvern is very cold.
The wyvern is severely wounded.
It was a potion of magic.
Magic courses through your body.
You feel sick. The wyvern bites you.
* * * LOW HITPOINT WARNING * * *
The wyvern is very cold.
The wyvern is severely wounded.
It was a potion of haste.
You feel yourself speed up.
You feel sick. The wyvern bites you!
You die...

# #####........... .
#...)).......... #/
#...'))....."...
#.##..)'...........
#..#####.).......#
..##...###.))...>..#
.............)..$.##
.........l..)..)..#
.........@...(....#
>...........)......#
......................
......................
.......<..............
................###...
................# ...
................#
..##............#


You could see a wyvern.

Vanquished Creatures
  A two-headed ogre (D:8)
  An orc knight (D:8)
  A hornet (D:9)
  Prince Ribbit (D:7)
  Menkaure (D:5)
  Edmund (D:5)
  3 water moccasins
  2 orc warriors
  A sky beast (D:5)
  5 ice beasts
  2 necrophages
  An ogre (D:5)
  2 centaurs
  A phantom (D:5)
  2 kobold brigands
  3 bullfrogs
  4 scorpions
  A wyvern zombie (D:6)
  A gnoll sergeant (D:8)
  4 killer bees (D:9)
  8 wights
  3 howler monkeys
  A centaur zombie (D:7)
  2 bullfrog zombies
  4 hounds
  A jelly (D:5)
  3 orc priests
  A gnoll shaman (D:9)
  An orc wizard (D:8)
  2 hell rats (D:7)
  A killer bee zombie (D:7)
  A hound skeleton (D:5)
  4 howler monkey zombies
  8 gnolls
  6 river rats (D:7)
  6 adders
  A white imp (D:5)
  An ufetubus (D:6)
  4 worms
  13 orcs
  6 ball pythons
  10 endoplasms
  2 giant cockroaches
  9 goblins
  4 hobgoblins
  11 jackals
  8 kobolds
  15 quokkas
  4 bats
  2 frilled lizards
  A quokka skeleton (D:4)
  25 rats
206 creatures vanquished.

Vanquished Creatures (others)
  43 plants (D:2)
43 creatures vanquished.

Grand Total: 249 creatures vanquished

Notes
Turn   | Place    | Note
-------+----------+-------------------------------------------
     0 | D:1      | senseless the Palentonga Fighter began the quest for the
                  | Orb.
     0 | D:1      | Reached XP level 1. HP: 19/19 MP: 1/1
   170 | D:1      | Reached XP level 2. HP: 24/25 MP: 2/2
   631 | D:1      | Reached XP level 3. HP: 31/31 MP: 3/3
   905 | D:2      | Found a white marble altar of Elyvilon.
  1013 | D:2      | You fall into a shaft and drop 2 floors!
  1014 | D:4      | Noticed a scorpion
  1027 | D:4      | Killed a scorpion
  1028 | D:4      | Reached XP level 4. HP: 30/39 MP: 4/4
  1275 | D:4      | Reached XP level 5. HP: 44/44 MP: 5/5
  1387 | D:2      | Found a faded altar of an unknown god.
  1827 | D:2      | You fall into a shaft and drop 2 floors!
  3529 | D:4      | Reached XP level 6. HP: 26/51 MP: 6/6
  3828 | D:4      | Noticed an ice beast
  3839 | D:4      | Killed an ice beast
  4138 | D:4      | Identified the +0 pair of boots of Ogaoluy {Drain Int+2
                  | Dex+4}
  4329 | D:5      | Entered Level 5 of the Dungeon
  4379 | D:5      | Noticed a water moccasin
  4381 | D:5      | Gained mutation: You curl defensively after being hit.
                  | [Palentonga growth]
  4381 | D:5      | Reached XP level 7. HP: 58/58 MP: 7/7
  4437 | D:5      | Found a staircase to the Ecumenical Temple.
  4446 | Temple   | Entered the Ecumenical Temple
  4497 | Temple   | Became a worshipper of the Wu Jian Council
  4541 | D:5      | Noticed Menkaure
  4545 | D:5      | Reached skill level 5 in Fighting
  4546 | D:5      | Killed Menkaure
  4652 | D:5      | Noticed Edmund
  4655 | D:5      | Killed Edmund
  4656 | D:5      | Reached skill level 5 in Axes
  4656 | D:5      | Reached XP level 8. HP: 59/67 MP: 8/8
  5185 | D:5      | Reached skill level 5 in Armour
  5270 | D:5      | Reached skill level 5 in Shields
  5912 | D:6      | Found an ancient bone altar of Kikubaaqudgha.
  5912 | D:6      | Found a faded altar of an unknown god.
  5919 | D:6      | Found a faded altar of an unknown god.
  5921 | D:6      | Found a hide-covered altar of Uskayaw.
  5923 | D:6      | Found a hazy altar of Hepliaklqana.
  6562 | D:6      | Found an iron altar of Okawaru.
  6619 | D:6      | Found a shimmering blue altar of Sif Muna.
  6824 | D:7      | Reached XP level 9. HP: 44/75 MP: 9/9
  7013 | D:7      | Reached * piety under Wu Jian
  7044 | D:7      | Noticed Prince Ribbit
  7051 | D:7      | Killed Prince Ribbit
  7534 | D:7      | Reached ** piety under Wu Jian
  8188 | D:8      | Found a flagged portal.
  8208 | Bailey   | Entered a bailey
  8267 | Bailey   | Found a bloodstained altar of Trog.
  8267 | Bailey   | Noticed an orc knight
  8606 | D:8      | Gained mutation: You are weak. (Str -2) [potion of
                  | mutation]
  8606 | D:8      | Lost mutation: You are weak. (Str -2) [potion of mutation]
  8606 | D:8      | Gained mutation: A frigid envelope surrounds you and
                  | freezes all who hurt you. [potion of mutation]
  8617 | D:8      | Killed an orc knight
  8992 | D:8      | Noticed a two-headed ogre
  8995 | D:8      | Reached XP level 10. HP: 28/85 MP: 10/10
  9012 | D:7      | HP: 4/85 [poisoned by a water moccasin]
  9461 | D:8      | Killed a two-headed ogre
  9799 | D:9      | Reached *** piety under Wu Jian
  9803 | D:9      | HP: 4/87 [poisoned by a hornet]
  9803 | D:9      | Mangled by a wyvern

Illustrated notes

Levels and vault maps discovered:
D:1:      minmay_arrival_stone_box, layout_loops_ring
D:2:      wad_woods_stonehenge, layout_basic, hellmonk_ecumenical_altar_run_dry,
          grunt_ministairs_4
D:3:      layout_loops_corners, serial_co_window_serial, co_window_paths_b,
          co_window_paths_b, co_window_cross_1, co_window_of_opportunity_a,
          co_window_corner_a, co_window_corner_a, co_window_cross_1,
          co_window_unsneaky_path_d, co_window_of_opportunity_b,
          co_window_paths_c, co_window_corner_ca, glass_columns_a,
          glass_columns_b, glass_columns_a, glass_columns_a,
          corexii_item_surrounded_by_moat
D:4:      layout_cave_pods
D:5:      layout_loops_corners, minmay_temple_entry_arrows, serial_rivers,
          chequers_serial_rivers_room_a, chequers_serial_rivers_large_a,
          chequers_serial_rivers_micro_b, chequers_serial_rivers_micro_c,
          chequers_serial_rivers_room_a, chequers_serial_rivers_room_b,
          kennysheep_generic_room_12, uniq_edmund, uniq_menkaure
D:6:      layout_cave_pods, nicolae_sif_muna_little_library,
          mainiacjoe_overflow_24_doors, chequers_temple_overflow_minitemple,
          grunt_decor_mini_mirrors
D:7:      lemuel_ratsnest, layout_cave_pods, uniq_prince_ribbit1
D:8:      layout_rooms, enter_bailey_5, minmay_diced_spiral
D:9:      layout_cave_pools, dpeg_lair_monsters, gammafunk_ghost_ooze,
          serial_gnoll_camp, gnoll_camp_mini_shop, grums_kennel,
          gnoll_camp_mini_basic, gnoll_camp_mini_doghouse,
          gnoll_camp_mini_doghouse, gnoll_camp_mini_doghouse,
          minmay_fractal_squares_diagonal_5
Temple:   nicolae_temple_god_jail

Skill      XL: |  1  2  3  4  5  6  7  8  9 10 |
---------------+-------------------------------+-----
Axes           | 3 4 5 6 7 8 |  8.0
Armour         | 3 4 5 6 7 |  7.0
Shields        | 3 4 5 6 7 |  7.0
Fighting       | 4 5 6 7 8 |  8.4

Action                   |  1- 3 |  4- 6 |  7- 9 | 10-12 || total
-------------------------+-------+-------+-------+-------++-------
Melee: War axe           |    85 |   112 |   281 |     9 ||   487
       Tailslap          |     6 |     8 |    29 |     5 ||    48
       Hand axe          |       |       |       |    20 ||    20
Invok: Whirlwind         |       |       |     3 |     1 ||     4
       Lunge             |       |       |     2 |       ||     2
 Abil: Rolling Charge    |    28 |    29 |    40 |    14 ||   111
  Use: Potion            |     2 |       |     5 |     5 ||    12
       Scroll            |       |     4 |     2 |       ||     6
 Stab: Distracted        |       |       |     1 |       ||     1
       Invisible         |       |       |     2 |       ||     2
Armor: Scale mail        |    32 |     4 |       |       ||    36
       Plate armour      |       |    49 |   115 |    20 ||   184
       Skin              |       |       |    45 |       ||    45
Dodge: Dodged            |    17 |    24 |    76 |    19 ||   136
Block: Kite shield       |    42 |    45 |   148 |    31 ||   266

Table legend: (Time is in decaauts)
 A = Elapsed time spent in this place.
 B = Non-inter-level travel time spent in this place.
 C = Inter-level travel time spent in this place.
 D = Time resting spent in this place.
 E = Time spent auto-exploring this place.
 F = Levels seen in this place.
 G = Mean time per level.
                   A        B        C        D        E       F      G
               +--------+--------+--------+--------+--------+-----+--------+
         Total |  10036 |   9620 |    416 |    810 |   7553 |  11 |  912.4 |
       Dungeon |   9903 |   9496 |    407 |    792 |   7509 |   9 | 1100.3 |
        Temple |     61 |     52 |      9 |      0 |     41 |   1 |   61.0 |
        Bailey |     70 |     70 |      0 |     18 |      3 |   1 |   70.0 |
               +--------+--------+--------+--------+--------+-----+--------+

Top non-repeatable levels by time:
     D:7: 1820 daAuts
     D:5: 1354 daAuts
     D:3: 1280 daAuts
     D:4: 1251 daAuts
     D:8: 1178 daAuts
     D:2: 1160 daAuts
     D:6: 1076 daAuts
     D:1: 747 daAuts
  Bailey: 70 daAuts
  Temple: 61 daAuts
     D:9: 33 daAuts
